 Dungeon Crawl Stone Soup version 0.18-a0-902-g8738618 (webtiles) character file.

61 Jmtri7 the Charlatan (level 4, -11/32 HPs)
             Began as a Formicid Artificer on Dec 25, 2015.
             Mangled by a yak (15 damage)
             ... on level 11 of the Dungeon.
             The game lasted 00:01:30 (357 turns).

Jmtri7 the Charlatan (Formicid Artificer)            Turns: 357, Time: 00:01:30

Health: -11/32     AC:  3    Str: 16    XL:     4   Next: 27%
Magic:  3/7        EV: 11    Int: 12    God:
Gold:   60         SH:  0    Dex: 11    Spells: 0 memorised, 3 levels left

rFire  . . .     SeeInvis +     (no weapon)
rCold  . . .     Gourm    .     b - +0 leather armour
rNeg   . . .     Faith    .     (no shield)
rPois  .         Spirit   .     (helmet unavailable)
rElec  .         Dismiss  .     (no cloak)
rCorr  .         Reflect  .     (no gloves)
SustAt .         Harm     .     (no boots)
MR     .....                    (no amulet)
Stlth  +.........               (no ring)
                                (no ring)

@: not resistant to hostile enchantments, very unstealthy
A: permanent stasis, dig shafts and tunnels, four strong arms, antennae 3
a: Dig, Shaft Self


You were on level 11 of the Dungeon.
You were not hungry.

You visited 1 branch of the dungeon, and saw 6 of its levels.

You collected 60 gold pieces.

Inventory:

Hand Weapons
 a - a +0 short sword
Armour
 b - a +0 leather armour (worn)
Wands
 c - a wand of flame (15/48)
 d - a wand of enslavement (9/24)
 e - a wand of random effects (15/48)
Scrolls
 h - a scroll of blinking {unknown}
Potions
 g - a potion of heal wounds {unknown}
Comestibles
 f - a bread ration


   Skills:
 - Level 1.1 Fighting
   Level 1.0 Short Blades
 - Level 1.7 Dodging
 - Level 1.2 Stealth
 + Level 5.3 Evocations


You had 3 spell levels left.
You didn't know any spells.

Dungeon Overview and Level Annotations

Branches:
Dungeon (2/15)

Altars:


Innate Abilities, Weirdness & Mutations

You are under a permanent stasis effect.
You can dig through walls and to a lower floor.
Your four strong arms can wield two-handed weapons with a shield.
You have a pair of large antennae on your head (SInv).


Message History

d - a wand of enslavement (10/24)
The yak gores you. The yak barely misses you.
Your ice beast hits the yak but does no damage.
Zapping:
d - a wand of enslavement (10/24)
Press: ? - help, Shift-Dir - straight line, f - yak, p - adder
Aim: a yak (chance to defeat MR: 57%)
The yak resists with significant effort.
This wand has 9 charges left.
The yak gores you! The yak misses you.
Your ice beast hits the yak.
Your ice beast freezes the yak!
The yak barely misses your adder.
Drop what? 8/52 slots (_ for help) (? for menu, Esc to quit)
Drop what? 8/52 slots (_ for help) (? for menu, Esc to quit)
You are now empty-handed.
You drop a +0 short sword.
The yak barely misses you. The yak completely misses you.
Your ice beast closely misses the yak.
The yak closely misses your adder.
a - a +0 short sword The yak gores you!
* * * LOW HITPOINT WARNING * * *
The yak gores you!
You die...

{ .................
#..............
#..............
#..............
##########..............
........................
........................
######YS.########..####
#@YY# #..# ##YY# #..#
#..# #..# #.... ...#
#..... ...# #.......
.... ....... .......


You could see 4 yaks, a friendly ice beast and a friendly adder.

Vanquished Creatures (collateral kills)
  A yak (D:11)
1 creature vanquished.

Vanquished Creatures (others)
  A yak (D:11)
1 creature vanquished.

Grand Total: 2 creatures vanquished

Notes
Turn   | Place    | Note
--------------------------------------------------------------
     0 | D:1      | Jmtri7 the Formicid Artificer began the quest for the Orb.
     0 | D:1      | Reached XP level 1. HP: 15/15 MP: 3/3
    53 | D:1      | You fall through a shaft!
    83 | D:2      | You fall through a shaft!
    83 | D:3      | Noticed an orc priest
    86 | D:3      | You fall through a shaft for 2 floors!
    86 | D:5      | Entered Level 5 of the Dungeon
    89 | D:5      | You fall through a shaft for 3 floors!
    91 | D:8      | Noticed an orc wizard
    92 | D:8      | You fall through a shaft for 3 floors!
   333 | D:11     | Noticed an ice beast
   343 | D:11     | Noticed a yak
   343 | D:11     | Noticed a yak
   344 | D:11     | Noticed a yak
   345 | D:11     | Noticed a yak
   346 | D:11     | Noticed a yak
   347 | D:11     | Noticed a yak
   349 | D:11     | Killed a yak
   349 | D:11     | Reached skill level 5 in Evocations
   349 | D:11     | Reached XP level 2. HP: 21/21 MP: 3/5
   349 | D:11     | Reached XP level 3. HP: 26/26 MP: 3/6
   349 | D:11     | Reached XP level 4. HP: 32/32 MP: 3/7
   357 | D:11     | Mangled by a yak

Vault maps used:
D:1:      sevenhm_arrival_forest_fort_large_4, hangedman_decor_points
D:2:      wad_lake_hut, first_bread
D:3:      nicolae_overflow_hidden_temple, lemuel_crystal_altar
D:5:      nicolae_qazlal_style_of_elements, nicolae_gozag_zags_fifth_avenue,
          lemuel_temple_firewalk_marked, grunt_decor_resistance, st_stairs_14
D:8:      grunt_dithmenos_shadows, minmay_lair_entry_lava, grunt_livestock
D:11:     uniq_sonja

Action                   |  1- 3 |  4- 6 || total
-------------------------+-------+-------++-------
 Abil: Shaft Self        |     5 |       ||     5
       Dig               |     1 |       ||     1
Evoke: Wand              |     5 |     1 ||     6
